 Dungeon Crawl Stone Soup version 0.31-a0-799-g6bc09d010c (webtiles) character file.

Game seed: 6205276464666016916

11461 yegreS the Martial Artist (level 11, -7/68 HPs)
             Began as a Tengu Shapeshifter on Sept 19, 2023.
             Was a Priest of Okawaru.
             Splashed by a brown very ugly thing's acid (8 damage)
             ... on level 2 of the Abyss.
             The game lasted 01:24:59 (17838 turns).

yegreS the Martial Artist (Tengu Shapeshifter)     Turns: 17838, Time: 01:24:59

Health: -7/68      AC:  8    Str: 15 (16) XL:     11   Next: 78%
Magic:  0/16       EV: 21    Int: 10      God:    Okawaru [***...]
Gold:   276        SH:  0    Dex: 12 (13) Spells: 6/10 levels left

rFire   . .          .
                       - Unarmed
rCold   x x .        (shield currently unavailable)
rNeg    . . .        K - +0 steam dragon scales
rPois   .            (helmet restricted)
rElec   .            (no cloak)
rCorr   .            O - +1 pair of gloves
SInv    .            (boots unavailable)
Will    +....        f - amulet of guardian spirit
Stlth   ++           v - ring of willpower
HPRegen 0.31/turn    (no ring)
MPRegen 0.15/turn

%: acrobat, guardian spirit
@: about to teleport, flux-form, heroic, flying, glowing
A: glow, contaminating, flying, beak, talons 3, evasive flight, acrobatic,
[clumsy 2], [deterioration 2], [screaming 2], [cold vulnerability 2], [inability
to drink after injury 2]
a: Begin Untransformation, Renounce Religion, Heroism


You were on level 2 of the Abyss.
You worshipped Okawaru.
Okawaru was most pleased with you.
You were something dangerously unstable.
You visited 1 branch of the dungeon, and saw 10 of its levels.
You visited the Abyss 1 time.

You collected 806 gold pieces.
You spent 530 gold pieces at shops.

Inventory:

Hand Weapons
 e - a +0 dagger
 j - a +3 spear
 s - a +0 orcbow
 z - a +2 dagger of venom
Missiles
 g - 5 darts of dispersal
 h - a datura-tipped dart {!f}
 k - 2 curare-tipped darts
 o - 26 poisoned darts
 F - 11 javelins
 P - 10 boomerangs (quivered)
Armour
 a - a +0 animal skin
 K - +0 steam dragon scales (worn)
 M - a +2 robe of willpower
 O - a +1 pair of gloves (worn)
Magical Staves
 w - a staff of poison {rPois !a}
Jewellery
 f - an amulet of guardian spirit (around neck)
 v - a ring of willpower (left hand)
 x - an amulet of magic regeneration
Talismans
 d - a flux talisman (active)
 H - a blade talisman
 Q - a beast talisman
Wands
 i - a wand of roots (1)
 N - a wand of flame (30)
Scrolls
 b - 2 scrolls of enchant weapon
 q - 2 scrolls of amnesia
 r - 4 scrolls of teleportation {@r3}
 t - 4 scrolls of noise
 y - a scroll of poison
 D - a scroll of immolation
 E - a scroll of vulnerability {!r}
 J - a scroll of torment
Potions
 I - a potion of brilliance


   Skills:
 - Level 8.0(13.0) Fighting
 - Level 2.0(7.0) Throwing
 - Level 8.0(13.0) Dodging
 - Level 2.0(7.0) Stealth
 - Level 10.0(15.0) Unarmed Combat
 - Level 6.0 Invocations
 - Level 2.0 Evocations
 + Level 8.8 Shapeshifting


You had 6 spell levels left.
You knew the following spells:

 Your Spells              Type           Power      Damage    Failure   Level
e - Blink                 Tloc           0%         N/A       50%         2
B - Momentum Strike       Conj/Tloc      0%         3d8       50%         2

Your spell library contained the following spells:

 Spells                   Type           Power      Damage    Failure   Level
 Lesser Beckoning         Tloc           0%         N/A       50%         2
 Dazzling Flash           Conj/Hex       0%         N/A       75%         3
 Ignite Poison            Fire/Tmut/Pois 0%         N/A       75%         3
 Volatile Blastmotes      Fire/Tloc      0%         2d10      75%         3
 Sticky Flame             Conj/Fire      0%         2d3       98%         4
 Starburst                Conj/Fire      0%         6d3       100%        6
 Ignition                 Fire           0%         3d3       100%        8
 Maxwell's Capacitive Co  Air            0%         ∞         100%        8


Dungeon Overview and Level Annotations

Branches:
Dungeon (10/15)            Temple (0/1) D:6            Lair (0/5) D:10
    Orc (0/2) D:9

Altars:
Ashenzari
Cheibriados
Dithmenos
Gozag
Hepliaklqana
Kikubaaqudgha
Makhleb
Okawaru
Ru
Wu Jian
Xom

Shops:
D:5 *(**   D:7 =   D:8 =   D:9 !?(

Annotations:
D:1 exclusion: downstairs
D:2 exclusion: 2 downstairs
D:3 6 exclusions
D:4 exclusion: downstairs
D:7 exclusions: hornet and 1 more exclusion
D:8 exclusion: downstairs


Innate Abilities, Weirdness & Mutations

You are something dangerously unstable.
You glow with magical radiation, making you easy to see and hit.
Foes you strike become dangerously contaminated with magical radiation.
You are flying.
You are incapable of wielding weapons or throwing items.
You have a beak for a mouth.
You have claws for feet.
Your magical flight helps you evade attacks. (EV +4)
You can magically evade attacks while moving or waiting.
[You are very clumsy. (Dex -4)]
[Your body often deteriorates upon taking damage.]
[You frequently scream uncontrollably at your foes.]
[You are very vulnerable to cold. (rC--)]
[You sometimes lose the ability to drink potions when taking damage.]


Message History

Unknown command.
Unknown command.
Unknown command.
Unknown command.
Aiming: Fastroot
Press: ? - help, Shift-Dir - straight line, f/p - brown very ugly thing
Aim: a brown very ugly thing (poison gas, silenced, moderately wounded)
Okay, then.
Unknown command.
Okay, then.
Unknown command.
Unknown command.
Aiming: Fastroot
Press: ? - help, Shift-Dir - straight line, f/p - brown very ugly thing
Aim: a brown very ugly thing (poison gas, silenced, moderately wounded)
Okay, then.
Unknown command.
Unknown command.
It was a potion of mutation.
You feel extremely strange.
The brown very ugly thing is engulfed in poison gas.
The brown very ugly thing is poisoned.
The brown very ugly thing punches you!
* * * LOW HITPOINT WARNING * * *
Your body deteriorates!
You feel weakened.
You are splashed with acid!
* * * LOW HITPOINT WARNING * * *
Unknown command.
Unknown command.
Unknown command.
Unknown command.
Unknown command.
You hit the brown very ugly thing.
The brown very ugly thing begins to glow.
You claw the brown very ugly thing.
Your peck misses the brown very ugly thing.
The brown very ugly thing is heavily wounded.
The brown very ugly thing looks even sicker.
The brown very ugly thing punches you.
* * * LOW HITPOINT WARNING * * *
You are splashed with acid!
You die...

# ##
# ..#
..
#..#.
#. ..
.. .
.##
#.#
###u#
#☼p§#
#####


You could see a brown very ugly thing (very poisoned, contam).

Vanquished Creatures
  A starcursed mass (Abyss:2)
  A blizzard demon (Abyss:2)
  A two-headed ogre (D:8)
  Pikel (D:8)
  A cane toad (shapeshifter) (Abyss:2)
  A freezing wraith (Abyss:2)
  2 trolls (D:10)
  A hellwing (Abyss:2)
  11 yaks (D:10)
  3 wyverns
  A wraith (Abyss:2)
  Eustachio (D:6)
  2 steam dragons (D:8)
  Edmund (D:6)
  A chaos spawn (Abyss:2)
  2 wargs (D:8)
  4 vampire mosquitoes (D:9)
  6 water moccasins
  2 black bears (D:4)
  4 orc warriors
  Pargi (D:3)
  2 ogres (D:4)
  An ice beast (D:6)
  A phantom (D:6)
  A lemure (D:8)
  Blork the orc (D:6)
  5 bullfrogs
  4 kobold brigands
  3 scorpions (D:6)
  4 wights (D:6)
  6 killer bees (D:9)
  2 howler monkeys
  4 hounds
  A gnoll bouda (D:6)
  13 orc priests
  5 iguanas
  2 jellies
  16 orc wizards
  7 adders
  3 gnolls (D:6)
  3 river rats (D:3)
  A white imp (D:8)
  An ufetubus (Abyss:2)
  3 dart slugs
  47 orcs
  3 ball pythons
  6 endoplasms
  6 giant cockroaches
  5 goblins
  15 hobgoblins
  4 jackals (D:1)
  7 quokkas
  4 bats
  6 frilled lizards
  22 kobolds
  5 rats
267 creatures vanquished.

Vanquished Creatures (others)
  A kobold (D:6)
  A quokka (D:4)
2 creatures vanquished.

Grand Total: 269 creatures vanquished

Notes
Turn   | Place    | Note
-------+----------+-------------------------------------------
     0 | D:1      | yegreS the Tengu Shapeshifter began the quest for the Orb.
     0 | D:1      | Reached XP level 1. HP: 12/12 MP: 2/2
   213 | D:1      | Reached skill level 1 in Stealth
  1026 | D:1      | Reached XP level 2. HP: 16/16 MP: 3/3
  2067 | D:1      | Reached XP level 3. HP: 21/21 MP: 4/4
  4122 | D:2      | You fall into a shaft and drop 1 floor!
  4292 | D:2      | Found an iron altar of Okawaru.
  4319 | D:2      | Became a worshipper of Warmaster Okawaru
  4533 | D:2      | Reached XP level 4. HP: 26/26 MP: 5/5
  5363 | D:3      | Found an ornate altar of the Wu Jian Council.
  5417 | D:3      | Noticed Pargi
  5473 | D:4      | Noticed an ogre
  5546 | D:4      | Noticed a black bear
  5604 | D:4      | Noticed an ogre
  5762 | D:4      | Reached XP level 5. HP: 32/32 MP: 6/6
  5947 | D:4      | Reached skill level 4 in Unarmed Combat
  6355 | D:4      | Noticed a black bear
  6587 | D:4      | Found a broken altar of Ashenzari.
  6944 | D:3      | Reached skill level 5 in Unarmed Combat
  7001 | D:4      | Killed an ogre
  7002 | D:4      | Reached skill level 1 in Throwing
  7002 | D:4      | Reached XP level 6. HP: 38/38 MP: 4/7
  7107 | D:4      | Reached * piety under Okawaru
  7228 | D:4      | Killed a black bear
  7229 | D:4      | Gained mutation: Your magical flight helps you evade
                  | attacks. (EV +4) [Tengu growth]
  7229 | D:4      | Reached XP level 7. HP: 43/43 MP: 7/9
  7284 | D:4      | Learned a level 2 spell: Blink
  7287 | D:4      | Learned a level 2 spell: Momentum Strike
  7372 | D:5      | Entered Level 5 of the Dungeon
  7507 | D:5      | Found a snail-covered altar of Cheibriados.
  7805 | D:3      | Found an ornate altar of the Wu Jian Council.
  7907 | D:3      | Killed Pargi
  8397 | D:5      | Found Egeuvu Wini's General Store.
  8408 | D:5      | Found Bouply's Jewellery Shop.
  8408 | D:5      | Found Isto's Assorted Antiques.
  8408 | D:5      | Found Meceshruts's Weapon Emporium.
  8410 | D:5      | Bought a scroll of blinking for 112 gold pieces
  8411 | D:5      | Found Noaco's Assorted Antiques.
  8454 | D:5      | Found an opulent altar of Gozag.
  8506 | D:5      | Bought a scroll labelled ZARRIU REALAESEIH for 24 gold
                  | pieces
  8506 | D:5      | Bought a scroll labelled NISONLE FOGINIBB for 24 gold
                  | pieces
  8513 | D:5      | Bought a scroll labelled NISONLE FOGINIBB for 29 gold
                  | pieces
  8513 | D:5      | Bought a scroll labelled WOUSAN ZUFIW for 29 gold pieces
  8599 | D:5      | Found a shadowy altar of Dithmenos.
  8599 | D:5      | Found a sacrificial altar of Ru.
  8653 | D:5      | Bought a worn silver wand for 96 gold pieces
  8982 | D:5      | Found an ancient bone altar of Kikubaaqudgha.
  9098 | D:6      | Found a staircase to the Ecumenical Temple.
  9895 | D:6      | Reached XP level 8. HP: 42/48 MP: 9/11
 10116 | D:6      | Reached skill level 5 in Fighting
 10152 | D:6      | Noticed Edmund
 10299 | D:6      | Reached skill level 6 in Unarmed Combat
 10486 | D:6      | Reached skill level 1 in Evocations
 10540 | D:6      | Noticed Eustachio
 10886 | D:6      | Killed Eustachio
 10886 | D:6      | Reached ** piety under Okawaru
 10887 | D:6      | Reached skill level 7 in Unarmed Combat
 10973 | D:6      | Reached XP level 9. HP: 52/54 MP: 10/13
 11176 | D:6      | Reached skill level 8 in Unarmed Combat
 11421 | D:6      | Found a faded altar of an unknown god.
 11421 | D:6      | Noticed Blork the orc
 12404 | D:7      | Noticed a hornet
 12433 | D:7      | Reached skill level 5 in Dodging
 12848 | D:7      | Found Regae's Jewellery Boutique.
 13418 | D:8      | Found a shimmering altar of Xom.
 13790 | D:8      | Noticed Pikel
 13801 | D:8      | Killed Pikel
 13816 | D:8      | Reached XP level 10. HP: 52/63 MP: 9/14
 13818 | D:8      | Reached *** piety under Okawaru
 13819 | D:8      | Reached skill level 9 in Unarmed Combat
 13934 | D:8      | Found Tohutwa's Jewellery Shop.
 14012 | D:8      | Noticed a two-headed ogre
 14021 | D:8      | Killed a two-headed ogre
 14309 | D:9      | Found a staircase to the Orcish Mines.
 14380 | D:8      | Received a gift from Okawaru
 14928 | D:9      | Found Ujom's Weapon Emporium.
 15019 | D:9      | Found Lunutt's Magic Scroll Shoppe.
 15023 | D:9      | Bought a scroll of teleportation for 36 gold pieces
 15023 | D:9      | Bought a scroll of fear for 48 gold pieces
 15023 | D:9      | Bought a scroll of fear for 48 gold pieces
 15023 | D:9      | Bought a scroll of teleportation for 36 gold pieces
 15023 | D:9      | Bought a scroll of poison for 48 gold pieces
 15123 | D:9      | Reached skill level 10 in Unarmed Combat
 15402 | D:9      | Found Vifrad's Distillery.
 15446 | D:10     | Entered Level 10 of the Dungeon
 15660 | D:10     | Reached skill level 5 in Shapeshifting
 15904 | D:6      | Found a staircase to the Ecumenical Temple.
 16290 | D:6      | Killed Edmund
 16322 | D:6      | Received a gift from Okawaru
 16509 | D:6      | Found a hazy altar of Hepliaklqana.
 16510 | D:6      | Found a faded altar of an unknown god.
 16518 | D:6      | Killed Blork the orc
 16752 | D:9      | Reached XP level 11. HP: 59/68 MP: 10/15
 16938 | D:10     | Found a burning altar of Makhleb.
 16974 | D:10     | Received a gift from Okawaru
 16979 | D:10     | Reached skill level 5 in Invocations
 17231 | D:10     | Found a staircase to the Lair.
 17282 | D:10     | Reached **** piety under Okawaru
 17485 | D:10     | Noticed a wizard
 17492 | Abyss:2  | Cast into level 2 of the Abyss (a wizard)
 17510 | Abyss:2  | Found a corrupted altar of Lugonu.
 17647 | Abyss:2  | Noticed a starcursed mass
 17668 | Abyss:2  | Killed a starcursed mass
 17688 | Abyss:2  | Noticed a wretched star
 17689 | Abyss:2  | Noticed a blizzard demon
 17689 | Abyss:2  | Noticed an angel
 17697 | Abyss:2  | Killed a blizzard demon
 17697 | Abyss:2  | Received a gift from Okawaru
 17702 | Abyss:2  | Noticed a tentacled starspawn
 17704 | Abyss:2  | Noticed a wretched star
 17704 | Abyss:2  | Noticed a red very ugly thing
 17706 | Abyss:2  | Noticed a large abomination
 17750 | Abyss:2  | Noticed a green death
 17765 | Abyss:2  | Noticed a purple very ugly thing
 17767 | Abyss:2  | Noticed a large abomination
 17837 | Abyss:2  | HP: 1/68 [acid (4)]
 17838 | Abyss:2  | Splashed by a brown very ugly thing's acid

Illustrated notes

Levels and vault maps discovered:
D:1:      minmay_arrival_shoal_huts, layout_basic,
          amcnicky_mini_rare_corridor_liquid
D:2:      layout_rooms, basic_altar, nicolae_elevator_lobby_plus
D:3:      layout_basic, nicolae_wu_jian_glorious_leap, gup_sewer_entry_bubbles,
          serial_bayou_pond_b, uniq_pargi
D:4:      layout_basic, cheibrodos_ashenzari_chains, hangedman_decor_growths,
          st_stairs_13
D:5:      layout_basic, kennysheep_little_box,
          mainiacjoe_overflow_concentric_impassable, grunt_gozag_statues,
          jmf_multi_god_temple, nicolae_shop_national_dungeon_mall
D:6:      layout_basic, beargit_hepliaklqana_dungeon_heroes,
          minmay_temple_entry_proselytizer, uniq_eustachio, uniq_edmund
D:7:      nicolae_cairo_tiling_very_big, layout_loops_cross, serial_shops, shop
D:8:      layout_basic, mainiacjoe_overflow_24_doors, serial_shops,
          nicolae_shop_stone, serial_park_tiny_1, uniq_pikel
D:9:      layout_loops_ring, erik_orc_4, serial_shops, shop,
          nicolae_shop_crystal, shop
D:10:     layout_long_grid, amcnicky_altar_gilded, minmay_lair_entry_grove,
          minmay_librarian
Abyss:2:  base: Sewer, bh_abyss_exit_grid, hangedman_abyss_or_decor_passed

Skill      XL: |  1  2  3  4  5  6  7  8  9 10 11 |
---------------+----------------------------------+-----
Stealth        | 1 2 |  2.0
Shapeshifting  | 3 6 8 |  8.8
Fighting       | 2 3 4 5 7 8 |  8.0
Unarmed Combat | 5 7 8 10 | 10.0
Throwing       | 1 2 |  2.0
Invocations    | 2 3 4 6 |  6.0
Dodging        | 3 4 7 8 |  8.0
Evocations     | 2 |  2.0

Action                     |  1- 3 |  4- 6 |  7- 9 | 10-12 || total
---------------------------+-------+-------+-------+-------++-------
  Melee: Unarmed           |    65 |    63 |   162 |   267 ||   557
         Kick              |    11 |    20 |    56 |    99 ||   186
         Peck              |    11 |     3 |    33 |    71 ||   118
         Punch             |     2 |     1 |     5 |    10 ||    18
         Staff             |       |       |       |     4 ||     4
   Fire: Orcbow            |    22 |     5 |     2 |       ||    29
  Throw: Stone             |     5 |       |       |       ||     5
         Dart              |       |    23 |    62 |    52 ||   137
         Boomerang         |       |    24 |    39 |    14 ||    77
         Javelin           |       |     2 |    15 |    23 ||    40
 Invoke: Heroism           |       |       |     7 |    12 ||    19
         Finesse           |       |       |       |     2 ||     2
  Evoke: Wand              |       |       |     6 |     7 ||    13
    Use: Scroll            |       |     6 |    10 |    12 ||    28
         Potion            |       |     3 |     2 |    11 ||    16
   Stab: Sleeping          |     1 |       |       |     1 ||     2
         Invisible         |       |     1 |       |       ||     1
 Armour: Animal skin       |    22 |    16 |    25 |       ||    63
         Skin              |       |     1 |       |       ||     1
         Robe              |       |       |    18 |     1 ||    19
         Steam dragon scal |       |       |       |    98 ||    98
  Dodge: Dodged            |    52 |    31 |    92 |   223 ||   398
   Form: Flux              |       |       |       |     1 ||     1

Table legend: (Time is in decaauts)
 A = Elapsed time spent in this place.
 B = Non-inter-level travel time spent in this place.
 C = Inter-level travel time spent in this place.
 D = Time resting spent in this place.
 E = Time spent auto-exploring this place.
 F = Levels seen in this place.
 G = Mean time per level.
                   A        B        C        D        E       F      G
               +--------+--------+--------+--------+--------+-----+--------+
         Total |  17792 |  16272 |   1520 |   5037 |   4773 |  11 | 1617.5 |
       Dungeon |  17489 |  15969 |   1520 |   4988 |   4773 |  10 | 1748.9 |
         Abyss |    303 |    303 |      0 |     49 |      0 |   1 |  303.0 |
               +--------+--------+--------+--------+--------+-----+--------+

Top non-repeatable levels by time:
     D:6: 3979 daAuts
     D:1: 3245 daAuts
     D:3: 1916 daAuts
     D:4: 1568 daAuts
     D:2: 1501 daAuts
     D:9: 1168 daAuts
     D:8: 1160 daAuts
     D:7: 1102 daAuts
    D:10: 931 daAuts
     D:5: 917 daAuts
 Abyss:2: 303 daAuts
